Map: Prion Terraces

Players

xKawaiian - Winner!

  • Race: Terran Terran
  • League: Master

daffyduck

  • Race: Zerg Zerg
  • League: Master

VOD

Have the link to the VOD?

Description

Time

  • Played on: Jan. 15, 2016, 2:26 a.m.
  • Length: 6:10
Show
View Real Time Build Order
Export as new Build Order

xKawaiian Terran - Winner!

Build Orders: Reaper Expand 

Get SALT Encoding   

  12  0:00  SCV  
  13  0:13  SCV  
  14  0:17  Supply Depot  
  14  0:25  SCV  
  15  0:39  SCV  
  15  0:41  Barracks  
  16  0:45  Refinery  
  16  0:51  SCV  
  17  1:03  SCV  
  18  1:15  SCV  
  19  1:28  Orbital Command  
  19  1:29  Reaper  
  20  1:41  Command Center  
  20  1:54  SCV  
  20  1:59  Supply Depot  
  21  2:03  Barracks Reactor  
  21  2:06  SCV  
  22  2:18  SCV  
  23  2:26  Command Center  
  23  2:31  SCV  
  23  2:36  Factory  
  24  2:41  Marine x2  
  24  2:43  SCV  
  27  2:55  SCV  
  27  2:56  Orbital Command  
  27  3:02  Marine x2  
  29  3:08  SCV  
  30  3:20  SCV  
  30  3:23  Refinery  
  30  3:25  SCV  
  30  3:26  Armory  
  32  3:28  Hellion  
  32  3:29  Hellion  
  32  3:30  Barracks Tech Lab  
  36  3:36  SCV  
  36  3:37  SCV  
  36  3:40  Orbital Command  
  38  3:48  SCV  
  38  3:49  SCV, Marine  
  38  3:51  Hellion  
  38  3:52  Hellion  
  45  4:00  SCV  
  45  4:01  SCV, Stimpack  
  47  4:07  Marine  
  46  4:13  Hellion  
  46  4:14  Hellion  
  48  4:24  SCV x2  
  48  4:31  Supply Depot  
  48  4:32  Marine  
  48  4:34  Hellion  
  48  4:35  Supply Depot, Hellion  
  53  4:39  Starport  
  53  4:40  SCV  
  53  4:42  SCV x2  
  56  4:52  SCV  
  57  4:55  Hellion, Marine  
  57  4:56  Hellion  
  62  5:04  Barracks  
  62  5:06  SCV, Barracks  
  62  5:07  SCV  
  64  5:12  Marine  
  65  5:15  Starport Reactor  
  65  5:18  Orbital Command  
  65  5:22  Hellion x2  
  65  5:23  SCV  
  65  5:27  SCV, Engineering Bay x2  
  58  5:36  SCV  
  58  5:39  SCV  
  60  5:43  Hellion  
  60  5:44  Hellion  
  60  5:48  SCV  
  66  5:50  SCV  
  66  5:51  SCV  
  66  5:52  Barracks Reactor x2  
  69  6:01  Refinery  
  69  6:03  Refinery  
Show
View Real Time Build Order
Export as new Build Order

daffyduck Zerg 

Build Orders: Hatch First 

Get SALT Encoding   

  12  0:01  Drone  
  13  0:12  Overlord  
  13  0:17  Drone  
  14  0:30  Drone  
  14  0:31  Drone  
  14  0:34  Drone  
  17  0:46  Drone  
  18  0:59  Drone  
  18  1:00  Hatchery  
  18  1:07  Drone  
  19  1:13  Extractor  
  19  1:17  Spawning Pool  
  17  1:19  Drone  
  18  1:29  Drone  
  19  1:39  Drone  
  20  1:50  Drone  
  21  2:02  Overlord  
  21  2:10  Extractor  
  21  2:11  Queen  
  21  2:12  Queen  
  21  2:13  Zergling x2  
  21  2:14  Zergling x2  
  26  2:18  Metabolic Boost  
  27  2:24  Drone x2  
  29  2:33  Drone  
  30  2:39  Drone  
  30  2:43  Drone  
  32  2:49  Drone  
  33  2:56  Drone x2  
  34  3:02  Extractor, Queen  
  34  3:05  Overlord  
  36  3:09  Hatchery  
  35  3:19  Overlord  
  35  3:26  Zergling x2  
  36  3:27  Zergling x14  
  36  3:31  Evolution Chamber  
  43  3:44  Drone x4  
  47  3:51  Lair  
  47  3:55  Overlord  
  47  3:56  Drone  
  47  3:57  Drone x3  
  48  4:18  Drone x3  
  48  4:19  Drone  
  48  4:23  Drone  
  48  4:24  Drone  
  52  4:30  Baneling Nest  
  51  4:31  Extractor  
  51  4:32  Overlord  
  51  4:33  Extractor  
  49  4:40  Hatchery  
  49  4:45  Overlord x2  
  48  4:46  Zergling x8  
  48  4:47  Zergling x4  
  52  5:02  Zergling x16  
  60  5:08  Overlord  
  60  5:13  Baneling x2  
  60  5:14  Baneling x7  
  60  5:15  Baneling  
  60  5:16  Zergling x4  
  61  5:23  Zergling x4  
  57  5:38  Zergling x14  
Tags
 
Add a new tag
Caveats
  • Supply blocks, unpowered buildings, or Contaminate may cause inaccurate times.
  • Supply counts are checked every 10 seconds.